 Dungeon Crawl Stone Soup version 0.22-a0-149-g870e420 (webtiles) character file.

123 Amnesiac the Digger (level 4, -6/30 HPs)
             Began as a Mummy Earth Elementalist on Feb 7, 2018.
             Was an Initiate of Ashenzari.
             Killed by divine providence
             ... invoked by an orc priest
              (13 damage)
             ... on level 4 of the Dungeon.
             The game lasted 00:04:15 (2828 turns).

Amnesiac the Digger (Mummy Earth Elementalist)      Turns: 2828, Time: 00:04:16

Health: -6/30      AC:  3    Str: 11    XL:     4   Next: 79%
Magic:  4/9        EV: 11    Int: 15    God:    Ashenzari [......]
Gold:   180        SH:  4    Dex: 12    Spells: 3/10 levels left

rFire    x . .     SeeInvis .   h - +0 dagger (venom)
rCold    + . .     Gourm    .   m - +1 buckler
rNeg     + + +     Faith    .   c - +0 robe
rPois    ∞         Spirit   .   (no helmet)
rElec    .         Reflect  .   (no cloak)
rCorr    .         Harm     .   (no gloves)
MR       .....                  g - +0 pair of boots
Stlth    ++........             (no amulet)
HPRegen  0.10/turn              (no ring)
MPRegen  0.11/turn              (no ring)

@: about to teleport
A: no food or potions, fire vulnerability, cold resistance 1, negative energy
resistance 3, torment resistance, unbreathing
a: Curse Item, Renounce Religion


You were on level 4 of the Dungeon.
You worshipped Ashenzari.
Ashenzari was noncommittal.
You were not hungry.

You visited 1 branch of the dungeon, and saw 4 of its levels.

You collected 180 gold pieces.

Inventory:

Hand Weapons
 h - a +0 dagger of venom (weapon)
Missiles
 b - 78 stones (quivered)
 j - 30 poisoned needles
Armour
 c - a +0 robe (worn)
 g - a +0 pair of boots (worn)
 m - a +1 buckler (worn)
Scrolls
 a - a scroll of magic mapping {!r, unknown}
 e - a scroll of noise {!r, unknown}
 f - a scroll of fog {!r, unknown}
 i - a scroll of remove curse {!r}
 k - a scroll of identify {!r, unknown}
Books
 d - a book of Geomancy

   Spells                             Type                      Level
   a - Sandblast                      Earth                        1
   b - Passwall                       Transmutation/Earth          2
   c - Stone Arrow                    Conjuration/Earth            3
   d - Petrify                        Transmutation/Earth          4
   e - Lee's Rapid Deconstruction     Earth                        5


   Skills:
 + Level 1.1 Short Blades
 - Level 1.5 Dodging
 - Level 2.0 Stealth
 + Level 3.6 Spellcasting
 - Level 1.0 Transmutations
 * Level 3.7 Earth Magic


You had 3 spell levels left.
You knew the following spells:

 Your Spells              Type           Power        Failure   Level  Hunger
a - Sandblast             Erth           ##....       7%          1    N/A
b - Passwall              Tmut/Erth      #.........   19%         2    N/A
e - Petrify               Tmut/Erth      #.......     75%         4    N/A

Dungeon Overview and Level Annotations

Branches:
Dungeon (4/15)
 Temple: D:4-7

Altars:
Ashenzari
Fedhas

Portals:
Sewer: D:4


Innate Abilities, Weirdness & Mutations

You do not eat or drink.
Your flesh is vulnerable to fire.
You are immune to poison.
Your flesh is cold resistant. (rC+)
You are immune to negative energy. (rN+++)
You are immune to unholy pain and torment.
You can survive without breathing.


Message History

The blast of sand hits the river rat.
The river rat is moderately wounded.
b - 80 stones The river rat bites you but does no damage.
Casting: Sandblast (safe; 7% risk of failure)
Confirm with . or Enter, or press ? or * to list all spells.
Aiming: Sandblast (safe; 7% risk of failure)
Press: ? - help, Shift-Dir - straight line, f/p - river rat
Aim: a river rat (moderately wounded)
The blast of sand hits the river rat.
The river rat is moderately wounded.
b - 79 stones The river rat barely misses you.
Casting: Sandblast (safe; 7% risk of failure)
Confirm with . or Enter, or press ? or * to list all spells.
Aiming: Sandblast (safe; 7% risk of failure)
Press: ? - help, Shift-Dir - straight line, f/p - river rat
Aim: a river rat (moderately wounded)
The blast of sand misses the river rat.
b - 78 stones The river rat bites you!
* * * LOW HITPOINT WARNING * * *
Unknown command.
Casting: Sandblast (safe; 7% risk of failure)
Confirm with . or Enter, or press ? or * to list all spells.
Aiming: Sandblast (safe; 7% risk of failure)
Press: ? - help, Shift-Dir - straight line, f/p - river rat
Aim: a river rat (moderately wounded)
You miscast Sandblast.
You are very lightly contaminated with residual magic.
You hear a distant rumble.
The river rat bites you.
* * * LOW HITPOINT WARNING * * *
Press: ? - help, v - describe, . - travel The floor.
Okay, then.
You open the door.
The river rat bites you but does no damage.
There is an open door here.
Found an uncursed short sword.
An orc comes into view.
Your magical contamination has completely faded away.
You hear the slow rusting of a drain nearby.
An orc and an orc priest come into view.
The orc priest shouts!
Press: ? - help, v - describe, . - travel
Here: a river rat (moderately wounded)
The floor.
Unknown command.
A rat, a giant cockroach and an orc come into view.
The orc shouts!
Found an uncursed leather armour.
Really read
n - a scroll labeled YNOSTO BUCOMOV {!r}?
As you read the scroll labeled YNOSTO BUCOMOV {!r}, it crumbles to dust.
It is a scroll of enchant armour.
Your +0 buckler glows green for a moment.
The river rat closely misses you.
Really read
l - a scroll labeled WEUDOT LAKOTISU {!r}?
As you read the scroll labeled WEUDOT LAKOTISU {!r}, it crumbles to dust.
You feel strangely unstable.
It was a scroll of teleportation {!r}.
The orc shouts!
The orc priest mumbles some strange prayers to Beogh against you.
Beogh smites you!
You die...

####..............##..#
...................'...#
......(............#...#
[≈≈≈...............#...#
ro≈≈≈..............#...#
≈≈oo≈†.............#...#
≈≈≈≈≈..............#...#
s≈≈≈...#############...#
.......@r..............#
.................).....#
.#.....................#
#+############..##....#
#..##....# ..........#
...........#
#............#
#####..##..o.#


You could see an orc priest, a river rat, 2 orcs, a giant cockroach (wandering)
and a rat (wandering).

Vanquished Creatures
  2 adders
  2 oozes
  3 worms
  5 leopard geckos
  5 orcs (D:3)
  2 ball pythons
  6 giant cockroaches
  11 hobgoblins
  A jackal (D:2)
  8 kobolds
  A quokka (D:2)
  7 bats
  6 frilled lizards
  7 goblins
  7 rats
73 creatures vanquished.

Notes
Turn   | Place    | Note
-------+----------+-------------------------------------------
     0 | D:1      | Amnesiac the Mummy Earth Elementalist began the quest for the Orb.
     0 | D:1      | Reached XP level 1. HP: 13/13 MP: 4/4
   180 | D:1      | Reached XP level 2. HP: 17/19 MP: 2/5
   184 | D:1      | Learned a level 2 spell: Passwall
   772 | D:2      | Reached skill level 1 in Transmutations
   844 | D:2      | Reached XP level 3. HP: 7/24 MP: 3/7
  1344 | D:2      | Found a shattered altar of Ashenzari.
  1355 | D:2      | Became a worshipper of Ashenzari the Shackled
  1836 | D:3      | Reached XP level 4. HP: 29/30 MP: 9/9
  1842 | D:3      | Learned a level 4 spell: Petrify
  1849 | D:3      | Found a blossoming altar of Fedhas.
  2228 | D:3      | Reached skill level 1 in Short Blades
  2785 | D:4      | Found a glowing drain.
  2828 | D:4      | Killed from afar by an orc priest

Vault maps used:
D:1:      dpeg_arrival_windows_large_door, st_stairs_14
D:2:      nicolae_ashenzari_panopticon, first_ration, kennysheep_generic_room_15
D:3:      lemuel_doored_altar
D:4:      portal_sewer_entry_a

Skill      XL: |  1  2  3  4 |
---------------+-------------+-----
Spellcasting   | 3 |  3.6
Earth Magic    | 3 |  3.7
Transmutations | 1 |  1.0
Stealth        | 2 |  2.0
Short Blades   | 1 |  1.1
Dodging        | |  1.5

Action                   |  1- 3 |  4- 6 || total
-------------------------+-------+-------++-------
Melee: Dagger            |    89 |    87 ||   176
       Unarmed           |     4 |       ||     4
 Cast: Sandblast         |    30 |     8 ||    38
       Passwall          |     2 |       ||     2
  Use: Scroll            |       |     2 ||     2
 Stab: Sleeping          |     4 |     3 ||     7
Armor: Robe              |    27 |    16 ||    43
Dodge: Dodged            |    60 |    50 ||   110
Block: Buckler           |       |     1 ||     1

Table legend:
 A = Spawn XP
 B = Non-spawn XP
 C = Spawn XP percentage of total XP
 D = Spawn monster count
 E = Non-spawn monster count
 F = Spawn count percentage of total count
 G = Total turns spent on level
                    A         B        C        D         E        F      G
               +---------+---------+-------+---------+---------+-------+---------
         Total |       0 |     176 |   0.0 |       0 |      73 |   0.0 |  2828
               +---------+---------+-------+---------+---------+-------+---------
           D:1 |       0 |      32 |   0.0 |       0 |      20 |   0.0 |   717
           D:2 |       0 |      48 |   0.0 |       0 |      15 |   0.0 |   960
           D:3 |       0 |      94 |   0.0 |       0 |      37 |   0.0 |  1095
           D:4 |       0 |       2 |   0.0 |       0 |       1 |   0.0 |    56
               +---------+---------+-------+---------+---------+-------+---------
